PCL
VANCOUVER VIPERS @ ALBUQUERQUE ISOTOPES
04/18/2024
 
TOP OF THE 1ST
Vancouver Vipers batting - Pitching for Albuquerque Isotopes : RHP Jesús Silva
Pitching: RHP Jesús Silva
Batting: RHB Salvador Medine 0-0: TRIPLE (Line Drive, 9LM)
Batting: LHB Mike Williams 0-0: Ball
1-0: Swinging Strike
1-1: Called Strike
1-2: Ball
2-2: Foul Ball, location: 2F
2-2: Foul Ball, location: 2F
2-2: Foul Ball, location: 2F
2-2: Foul Ball, location: 2F
2-2: Foul Ball, location: 2F
2-2: Strikes out swinging
Batting: RHB Howard Lane 0-0: Ball
1-0: Swinging Strike
1-1: Swinging Strike
1-2: Ball
2-2: Foul Ball, location: 2F
2-2: 2-RUN HOME RUN (Line Drive, 89XD), Distance : 411 ft
Batting: SHB Henry Copeland 0-0: Ground out 5-3 (Groundball, 56)
Batting: RHB Sergio Pujols 0-0: Ball
1-0: Swinging Strike
1-1: Ground out 5-3 (Groundball, 5)
Top of the 1st over - 2 run(s), 2 hit(s), 0 error(s), 0 left on base; Vancouver 2 - Albuquerque 0
BOTTOM OF THE 1ST
Albuquerque Isotopes batting - Pitching for Vancouver Vipers : RHP Martin Atkins
Pitching: RHP Martin Atkins
Batting: SHB Tony McLaughlin 0-0: Ground out 5-3 (Groundball, 56S)
Batting: RHB Doug Stephens 0-0: Ball
1-0: Ball
2-0: Called Strike
2-1: Foul Ball, location: 2F
2-2: Foul Ball, location: 2F
2-2: Ball
3-2: Base on Balls
Batting: LHB Donald Camp 0-0: DOUBLE (Line Drive, 3)
Doug Stephens to third
Batting: RHB Edward Young 0-0: Ball
1-0: Ball
2-0: Called Strike
2-1: Foul Ball, location: 2F
2-2: Fly out, F3 (Popup, 3SF)
Batting: LHB Mark Vestal 0-0: Ball
1-0: Fly out, F8 (Line Drive, 8RM)
Bottom of the 1st over - 0 run(s), 1 hit(s), 0 error(s), 2 left on base; Vancouver 2 - Albuquerque 0
TOP OF THE 2ND
Vancouver Vipers batting - Pitching for Albuquerque Isotopes : RHP Jesús Silva
Batting: RHB Guillermo Sánchez 0-0: Ball
1-0: Ball
2-0: Called Strike
2-1: Ball
3-1: Base on Balls
Batting: LHB Javier Matos 0-0: Called Strike
0-1: Ball
1-1: Ball
2-1: Ball
3-1: Grounds into double play, 6-4-3 (Groundball, 6)
Batting: SHB Kyle MacGregor 0-0: Ball
1-0: Ball
2-0: Fly out, F7 (Flyball, 7S)
Top of the 2nd over - 0 run(s), 0 hit(s), 0 error(s), 0 left on base; Vancouver 2 - Albuquerque 0
BOTTOM OF THE 2ND
Albuquerque Isotopes batting - Pitching for Vancouver Vipers : RHP Martin Atkins
Batting: LHB Domingo Cardona 0-0: Foul Ball, location: 2F
0-1: Swinging Strike
0-2: Strikes out swinging
Batting: RHB Cristián Herrera 0-0: Ball
1-0: Ground out 6-3 (Groundball, 6)
Batting: RHB Sze Qi 0-0: Foul Ball, location: 2F
0-1: Called Strike
0-2: Ball
1-2: Strikes out looking
Bottom of the 2nd over - 0 run(s), 0 hit(s), 0 error(s), 0 left on base; Vancouver 2 - Albuquerque 0
TOP OF THE 3RD
Vancouver Vipers batting - Pitching for Albuquerque Isotopes : RHP Jesús Silva
Batting: LHB Ray Spencer 0-0: Ball
1-0: Ball
2-0: Called Strike
2-1: SINGLE (Flyball, 7S)
Batting: RHB Salvador Medine 0-0: Called Strike
0-1: Ball
1-1: Ball
2-1: Swinging Strike
2-2: Foul Ball, location: 2F
2-2: Fly out, F8 (Flyball, 8RM)
Batting: LHB Mike Williams 0-0: Ball
1-0: Swinging Strike
1-1: Ball
2-1: Called Strike
2-2: Strikes out looking
Batting: RHB Howard Lane 0-0: Called Strike
Ray Spencer steals 2nd base
0-1: Ball
1-1: Fly out, F9 (Flyball, 9LD)
Top of the 3rd over - 0 run(s), 1 hit(s), 0 error(s), 1 left on base; Vancouver 2 - Albuquerque 0
BOTTOM OF THE 3RD
Albuquerque Isotopes batting - Pitching for Vancouver Vipers : RHP Martin Atkins
Batting: RHB Wilson Gonzáles 0-0: Swinging Strike
0-1: Swinging Strike
0-2: Foul Ball, location: 2F
0-2: Strikes out looking
Batting: SHB Tony McLaughlin 0-0: Foul Ball, location: 2F
0-1: Foul Ball, location: 2F
0-2: Fly out, F9 (Flyball, 9S)
Batting: RHB Doug Stephens 0-0: Called Strike
0-1: Called Strike
0-2: Ball
1-2: SINGLE (Flyball, 8RS)
Batting: LHB Donald Camp 0-0: Foul Ball, location: 2F
0-1: Called Strike
0-2: Fly out, F8 (Line Drive, 8RM)
Bottom of the 3rd over - 0 run(s), 1 hit(s), 0 error(s), 1 left on base; Vancouver 2 - Albuquerque 0
TOP OF THE 4TH
Vancouver Vipers batting - Pitching for Albuquerque Isotopes : RHP Jesús Silva
Batting: SHB Henry Copeland 0-0: Called Strike
0-1: Ball
1-1: Ball
2-1: Fly out, F3 (Line Drive, 3)
Batting: RHB Sergio Pujols 0-0: Called Strike
0-1: Called Strike
0-2: Ball
1-2: Ground out 1-3 (Groundball, 13S)
Batting: RHB Guillermo Sánchez 0-0: Foul Ball, location: 2F
0-1: Called Strike
0-2: Ball
1-2: Foul Ball, location: 2F
1-2: Ball
2-2: Ball
3-2: Ground out 5-3 (Groundball, 5)
Top of the 4th over - 0 run(s), 0 hit(s), 0 error(s), 0 left on base; Vancouver 2 - Albuquerque 0
BOTTOM OF THE 4TH
Albuquerque Isotopes batting - Pitching for Vancouver Vipers : RHP Martin Atkins
Batting: RHB Edward Young 0-0: Ball
1-0: Foul Ball, location: 2F
1-1: Swinging Strike
1-2: Strikes out swinging
Batting: LHB Mark Vestal 0-0: Called Strike
0-1: Fly out, F6 (Flyball, 6)
Batting: LHB Domingo Cardona 0-0: SINGLE (Line Drive, 34D)
Batting: RHB Cristián Herrera 0-0: Ball
1-0: Called Strike
1-1: Ball
2-1: TRIPLE (Flyball, 8RD)
Domingo Cardona scores
Batting: RHB Sze Qi 0-0: Called Strike
0-1: Called Strike
0-2: Strikes out looking
Bottom of the 4th over - 1 run(s), 2 hit(s), 0 error(s), 1 left on base; Vancouver 2 - Albuquerque 1
TOP OF THE 5TH
Vancouver Vipers batting - Pitching for Albuquerque Isotopes : RHP Jesús Silva
Batting: LHB Javier Matos 0-0: Ball
1-0: Swinging Strike
1-1: Ball
2-1: Called Strike
2-2: Ball
3-2: TRIPLE (Flyball, 78XD)
Batting: SHB Kyle MacGregor 0-0: Ball
1-0: Foul Ball, location: 2F
1-1: Ground out U3 (Groundball, 3S)
Batting: LHB Ray Spencer 0-0: Ball
1-0: Ball
2-0: Foul Ball, location: 2F
2-1: Ball
3-1: Base on Balls
Batting: RHB Salvador Medine 0-0: Called Strike
0-1: Called Strike
0-2: Fielders Choice at 2nd, 5-4 (Groundball, 56)
Javier Matos scores
Batting: LHB Mike Williams 0-0: Called Strike
0-1: Ball
1-1: Ground out 4-3 (Groundball, 4)
Top of the 5th over - 1 run(s), 1 hit(s), 0 error(s), 1 left on base; Vancouver 3 - Albuquerque 1
BOTTOM OF THE 5TH
Albuquerque Isotopes batting - Pitching for Vancouver Vipers : RHP Martin Atkins
Batting: RHB Wilson Gonzáles 0-0: Called Strike
0-1: Called Strike
0-2: Foul Ball, location: 2F
0-2: Fly out, F9 (Flyball, 9LS)
Batting: SHB Tony McLaughlin 0-0: Ball
1-0: Called Strike
1-1: Swinging Strike
1-2: Foul Ball, location: 2F
1-2: Ball
2-2: Ground out U3 (Groundball, 3L)
Batting: RHB Doug Stephens 0-0: Foul Ball, location: 2F
0-1: Foul Ball, location: 2F
0-2: Ball
1-2: Ball
2-2: Fly out, F4 (Popup, 4D)
Bottom of the 5th over - 0 run(s), 0 hit(s), 0 error(s), 0 left on base; Vancouver 3 - Albuquerque 1
TOP OF THE 6TH
Vancouver Vipers batting - Pitching for Albuquerque Isotopes : RHP Jesús Silva
Pitching: RHP Rafael Trujillo
Batting: RHB Howard Lane 0-0: Ball
1-0: Ground out 5-3 (Groundball, 5S)
Batting: SHB Henry Copeland 0-0: Ball
1-0: Ball
2-0: Called Strike
2-1: Foul Ball, location: 2F
2-2: Foul Ball, location: 2F
2-2: Ball
3-2: Strikes out swinging
Batting: RHB Sergio Pujols 0-0: Called Strike
0-1: Foul Ball, location: 2F
0-2: Ball
1-2: Ball
2-2: Strikes out swinging
Top of the 6th over - 0 run(s), 0 hit(s), 0 error(s), 0 left on base; Vancouver 3 - Albuquerque 1
BOTTOM OF THE 6TH
Albuquerque Isotopes batting - Pitching for Vancouver Vipers : RHP Martin Atkins
Batting: LHB Donald Camp 0-0: Ball
1-0: DOUBLE (Groundball, 3L)
Batting: RHB Edward Young 0-0: Ball
1-0: Called Strike
1-1: Fly out, F5 (Popup, 56S)
Batting: LHB Mark Vestal 0-0: Swinging Strike
0-1: Ball
1-1: Swinging Strike
1-2: Strikes out looking
Pitching: RHP José Vargas
Batting: LHB Domingo Cardona 0-0: Swinging Strike
0-1: Ball
1-1: 2-RUN HOME RUN (Flyball, 89XD), Distance : 435 ft
Batting: RHB Cristián Herrera 0-0: Ball
1-0: Ground out 4-3 (Groundball, 4)
Bottom of the 6th over - 2 run(s), 2 hit(s), 0 error(s), 0 left on base; Vancouver 3 - Albuquerque 3
TOP OF THE 7TH
Vancouver Vipers batting - Pitching for Albuquerque Isotopes : RHP Rafael Trujillo
Batting: RHB Guillermo Sánchez 0-0: Ball
1-0: Ground out 5-3 (Groundball, 56)
Batting: LHB Javier Matos 0-0: Ball
1-0: Fly out, F8 (Flyball, 8RS)
Pinch Hitting: RHB Pedro Fuentes 0-0: Called Strike
0-1: SINGLE (Groundball, 56D)
Batting: LHB Ray Spencer 0-0: Ball
Pedro Fuentes steals 2nd base
1-0: Ball
2-0: Called Strike
2-1: SINGLE (Groundball, 34)
Pedro Fuentes to third
Runner from 3rd tries for Home, throw and OUT!
Top of the 7th over - 0 run(s), 2 hit(s), 0 error(s), 1 left on base; Vancouver 3 - Albuquerque 3
BOTTOM OF THE 7TH
Albuquerque Isotopes batting - Pitching for Vancouver Vipers : RHP José Vargas
Now at 2B: Cal Rogers
Batting: RHB Sze Qi 0-0: Ball
1-0: DOUBLE (Groundball, 3D)
Batting: RHB Wilson Gonzáles 0-0: Ball
1-0: Ground out 6-3 (Groundball, 6M)
Sze Qi to third
Batting: SHB Tony McLaughlin 0-0: Called Strike
0-1: Ground out 5-3 (Groundball, 15S)
Batting: RHB Doug Stephens 0-0: Foul Ball, location: 2F
0-1: Called Strike
0-2: Ball
1-2: Ball
2-2: Strikes out swinging
Bottom of the 7th over - 0 run(s), 1 hit(s), 0 error(s), 1 left on base; Vancouver 3 - Albuquerque 3
TOP OF THE 8TH
Vancouver Vipers batting - Pitching for Albuquerque Isotopes : RHP Rafael Trujillo
Pitching: LHP Austin Wall
Pinch Hitting: RHB Lorenzo González 0-0: Called Strike
0-1: Ball
1-1: SINGLE (Line Drive, 5D)
Pinch Runner at 1st Malcolm Thomas:
Batting: LHB Mike Williams 0-0: Ball
Malcolm Thomas steals 2nd base
1-0: Called Strike
1-1: Swinging Strike
1-2: SINGLE (Groundball, 3L)
Malcolm Thomas to third
Runner from 3rd tries for Home, SAFE, no throw or cutoff
Batting: RHB Howard Lane 0-0: Ball
1-0: Called Strike
1-1: Ball
2-1: Fly out, F8 (Flyball, 8RD)
Batting: SHB Henry Copeland 0-0: Ball
1-0: Grounds into double play, 6-4-3 (Groundball, 6)
Top of the 8th over - 1 run(s), 2 hit(s), 0 error(s), 0 left on base; Vancouver 4 - Albuquerque 3
BOTTOM OF THE 8TH
Albuquerque Isotopes batting - Pitching for Vancouver Vipers : RHP José Vargas
Pitching: LHP Jack Taylor
Now at 1B: Luis Sáenz
Now at SS: Francisco Rodríguez
Batting: LHB Donald Camp 0-0: Fly out, F8 (Flyball, 8LM)
Pitching: RHP Álex Villegas
Batting: RHB Edward Young 0-0: Swinging Strike
0-1: Ball
1-1: Swinging Strike
1-2: Strikes out swinging
Pitching: RHP Jeff Lynn
Batting: LHB Mark Vestal 0-0: Called Strike
0-1: Ball
1-1: Fly out, F9 (Flyball, 9S)
Bottom of the 8th over - 0 run(s), 0 hit(s), 0 error(s), 0 left on base; Vancouver 4 - Albuquerque 3
TOP OF THE 9TH
Vancouver Vipers batting - Pitching for Albuquerque Isotopes : LHP Austin Wall
Batting: RHB Sergio Pujols 0-0: Called Strike
0-1: Called Strike
0-2: Strikes out swinging
Batting: RHB Guillermo Sánchez 0-0: Ball
1-0: Ball
2-0: Ball
3-0: Called Strike
3-1: Base on Balls
Pinch Hitting: RHB Daniel Robert 0-0: Ball
1-0: Called Strike
1-1: Foul Ball, location: 2F
1-2: Fly out, F7 (Flyball, 7LD)
Pinch Hitting: RHB Tomás Estrada 0-0: Called Strike
0-1: Called Strike
0-2: Ground out 6-3 (Groundball, 6)
Top of the 9th over - 0 run(s), 0 hit(s), 0 error(s), 1 left on base; Vancouver 4 - Albuquerque 3
BOTTOM OF THE 9TH
Albuquerque Isotopes batting - Pitching for Vancouver Vipers : RHP Jeff Lynn
Pitching: RHP Ulric Duval
Now at C: Júlio Figueroa
Now at 2B: Cristo Gilera
Batting: LHB Domingo Cardona 0-0: Foul Ball, location: 2F
0-1: Ball
1-1: Ball
2-1: SINGLE (Groundball, 4M)
Batting: RHB Cristián Herrera 0-0: Sac Bunt - play at first, batter OUT! 5-4
Domingo Cardona to second
Batting: RHB Sze Qi 0-0: Ball
1-0: Foul Ball, location: 2F
1-1: Foul Ball, location: 2F
1-2: Strikes out swinging
Batting: RHB Wilson Gonzáles 0-0: Swinging Strike
0-1: Ball
1-1: Foul Ball, location: 2F
1-2: Strikes out swinging
Bottom of the 9th over - 0 run(s), 1 hit(s), 0 error(s), 1 left on base; Vancouver 4 - Albuquerque 3
This league is powered by Out of the Park Baseball, the baseball management simulation game for PC, Mac and Linux
Saturday, April 9th, 2016 - OOTP Baseball 16.8 Build 38